 Dungeon Crawl Stone Soup version 0.29.1-14-g9c671dbff4 (webtiles) character file.

Game seed: 7439974617689956651

114 DungeonMaster the Chiller (level 4, 24/33 HPs)
             Began as a Demonspawn Wanderer on Feb 18, 2023.
             Quit the game on level 3 of the Dungeon.
             The game lasted 00:07:35 (3035 turns).

DungeonMaster the Chiller (Demonspawn Wanderer)     Turns: 3035, Time: 00:07:36

Health: 24/33      AC:  6    Str: 11    XL:     4   Next: 66%
Magic:  5/8        EV: 10    Int: 19    God:
Gold:   49         SH:  0    Dex: 16    Spells: 7/8 levels left

rFire   . . .      SeeInvis .   a - +0 short sword
rCold   . . .      Faith    .   (no shield)
rNeg    . . .      Spirit   .   c - +0 ring mail
rPois   .          Reflect  .   (no helmet)
rElec   .          Harm     .   (no cloak)
rCorr   .          Rampage  .   (no gloves)
Will    .....                   (no boots)
Stlth   +.........              (no amulet)
HPRegen 0.11/turn               o - +6 ring of dexterity
MPRegen 0.11/turn               (no ring)

@: no status effects
A: claws 1, rugged brown scales 1
a: no special abilities


You were on level 3 of the Dungeon.
You visited 1 branch of the dungeon, and saw 3 of its levels.

You collected 49 gold pieces.

Inventory:

Hand Weapons
 a - a +0 short sword (weapon)
Missiles
 d - 3 curare-tipped darts (quivered)
 j - 17 stones
Armour
 c - a +0 ring mail (worn)
Jewellery
 o - a +6 ring of dexterity (left claw)
 s - a ring of magical power
Scrolls
 b - 3 scrolls of teleportation
 m - a scroll of poison
 q - a scroll of fear
Potions
 e - a potion of curing {unknown}
 f - 2 potions of haste
 g - a potion of invisibility {unknown}
 h - 2 potions of heal wounds {unknown}
 i - a potion of magic {unknown}
 k - 2 potions of lignification {unknown}
 n - a potion of mutation {unknown}


   Skills:
 * Level 2.0 Fighting
 * Level 2.1 Armour
 * Level 1.7 Dodging
 - Level 1.0 Stealth
 * Level 2.8 Spellcasting
 - Level 1.7 Transmutations
 - Level 3.6 Ice Magic


You had 7 spell levels left.
You knew the following spells:

 Your Spells              Type           Power      Damage    Failure   Level
a - Freeze                Ice            64%        1d8       9%          1

Your spell library contained the following spells:

 Spells                   Type           Power      Damage    Failure   Level
 Sting                    Tmut/Pois      24%        1d4       26%         1
 Spider Form              Tmut/Pois      6%         N/A       58%         3
 Ice Form                 Ice/Tmut       12%        N/A       77%         4
 Summon Ice Beast         Ice/Summ       9%         N/A       86%         4


Dungeon Overview and Level Annotations

Branches:
Dungeon (3/15)

Altars:


Innate Abilities, Weirdness & Mutations

You have sharp fingernails.
You are partially covered in rugged brown scales. (AC +1, +3% HP)


Message History

The bullfrog seems to slow down.
The bullfrog misses you.
Casting: Freeze (safe; 9% risk of failure)
Confirm with . or Enter, or press ? or * to list all spells.
Aiming: Freeze (safe; 9% risk of failure)
Press: ? - help, Shift-Dir - straight line, f/p - bullfrog
Aim: a bullfrog (moderately wounded, slow)
You freeze the bullfrog.
The bullfrog is heavily wounded.
The bullfrog hits you but does no damage.
Casting: Freeze (safe; 9% risk of failure)
Confirm with . or Enter, or press ? or * to list all spells.
Aiming: Freeze (safe; 9% risk of failure)
Press: ? - help, Shift-Dir - straight line, f/p - bullfrog
Aim: a bullfrog (heavily wounded, slow)
You freeze the bullfrog.
The bullfrog is severely wounded.
The bullfrog seems to slow down.
The bullfrog hits you.
Casting: Freeze (safe; 9% risk of failure)
Confirm with . or Enter, or press ? or * to list all spells.
Aiming: Freeze (safe; 9% risk of failure)
Press: ? - help, Shift-Dir - straight line, f/p - bullfrog
Aim: a bullfrog (severely wounded, slow)
You freeze the bullfrog.
The bullfrog is almost dead.
The bullfrog hits you.
Casting: Freeze (safe; 9% risk of failure)
Confirm with . or Enter, or press ? or * to list all spells.
Aiming: Freeze (safe; 9% risk of failure)
Press: ? - help, Shift-Dir - straight line, f/p - bullfrog
Aim: a bullfrog (almost dead, slow)
You freeze the bullfrog.
You kill the bullfrog!
Your Fighting skill increases to level 2!
Your Armour skill increases to level 2!
You have reached level 4!
You feel agile.
Your demonic ancestry asserts itself...
Your fingernails lengthen.
You close the door.
You hear the rusting of a very distant drain.
Are you sure you want to abandon this character and quit the game? (Confirm with "yes".)

## ####..
.....# #.....#
......# ......#
###########...#
#<.......@+...+
###########?..#
...# ####


There were no monsters in sight!

Vanquished Creatures
  A bullfrog (D:3)
  4 endoplasms
  2 giant cockroaches
  3 goblins (D:1)
  3 hobgoblins
  7 jackals
  2 kobolds
  2 quokkas (D:2)
  8 ball pythons
  3 bats
  3 frilled lizards
  6 rats
44 creatures vanquished.

Notes
Turn   | Place    | Note
-------+----------+-------------------------------------------
     0 | D:1      | DungeonMaster the Demonspawn Wanderer began the quest for
                  | the Orb.
     0 | D:1      | DungeonMaster set off with the following items: a +0 club,
                  | a scroll of teleportation, a +0 ring mail; and the
                  | following spells available to memorise: Freeze, Sting,
                  | Spider Form, Ice Form, Summon Ice Beast.
     0 | D:1      | Reached XP level 1. HP: 13/13 MP: 3/3
     3 | D:1      | Learned a level 1 spell: Freeze
    38 | D:1      | Found a faded altar of an unknown god.
   276 | D:1      | Gained mutation: You are partially covered in rugged brown
                  | scales. (AC +1, +3% HP) [demonic ancestry]
   276 | D:1      | Reached XP level 2. HP: 14/20 MP: 0/5
   752 | D:1      | Reached skill level 1 in Fighting
  1043 | D:1      | Reached skill level 1 in Dodging
  1366 | D:1      | Reached XP level 3. HP: 26/26 MP: 6/6
  2991 | D:3      | Noticed a bullfrog
  2997 | D:3      | Killed a bullfrog
  2998 | D:3      | Gained mutation: You have sharp fingernails. [demonic
                  | ancestry]
  2998 | D:3      | Reached XP level 4. HP: 20/33 MP: 1/8
  3035 | D:3      | Quit the game

Illustrated notes

Levels and vault maps discovered:
D:1:      nicolae_arrival_memento_mori, layout_basic,
          nicolae_ecumenical_snake_handling, minivault_11, nicolae_hexahallways,
          minmay_pentomino_x2
D:2:      minmay_alternating_diamond, layout_loops_ring
D:3:      layout_basic, fedhas_altar_4, lemuel_coloured_pillars_altar,
          cheibrodos_sewer_entry_sluice

Skill      XL: |  1  2  3 |
---------------+----------+-----
Fighting       | 1 2 |  2.0
Dodging        | 1 |  1.7
Armour         | 2 |  2.1
Stealth        | |  1.0
Spellcasting   | |  2.8
Transmutations | |  1.7
Ice Magic      | |  3.6

Action                   |  1- 3 |  4- 6 || total
-------------------------+-------+-------++-------
Melee: Club              |    98 |       ||    98
       Punch             |     1 |       ||     1
       Short sword       |    21 |       ||    21
 Cast: Freeze            |    29 |       ||    29
  Use: Scroll            |     8 |       ||     8
Armor: Ring mail         |    72 |       ||    72
Dodge: Dodged            |    81 |       ||    81
